 Dungeon Crawl Stone Soup version 0.16.1 (webtiles) character file.

127 wojtek the Cutter (level 5, -1/30 HPs)
             Began as a Kobold Assassin on Mar 23, 2015.
             Killed from afar by an orc wizard (7 damage)
             ... with a magic dart
             ... on level 3 of the Dungeon.
             The game lasted 00:04:16 (2929 turns).

wojtek the Cutter (Kobold Assassin)                 Turns: 2929, Time: 00:04:16

Health: -1/30      AC:  3    Str:  9    XL:     5   Next: 33%
Magic:  5/5        EV: 14    Int: 10    God:
Gold:   17         SH:  0    Dex: 15    Spells: 0 memorised, 4 levels left

rFire  . . .     SeeInvis .     a - +2 dagger
rCold  . . .     Clarity  .     c - +0 robe
rNeg   . . .     SustAb   .     (no shield)
rPois  .         Gourm    .     (no helmet)
rElec  .         Spirit   .     d - +0 cloak
rCorr  .         Warding  .     (no gloves)
rMut   .         Stasis   .     (no boots)
MR     .....                    (no amulet)
Stlth  +++.......               (no ring)
                                l - -3 ring of dexterity (curse)

@: not resistant to hostile enchantments, fairly stealthy
A: carnivore 3
a: no special abilities


You were on level 3 of the Dungeon.
You were completely stuffed.

You visited 1 branch of the dungeon, and saw 3 of its levels.

You collected 17 gold pieces.

Inventory:

Hand weapons
 a - a +2 dagger (weapon)
 b - a +0 blowgun
 k - a +1 dagger of protection
Armour
 c - a +0 robe (worn)
 d - a +0 cloak (worn)
Jewellery
 l - a cursed -3 ring of dexterity (left hand)
 r - a +5 ring of evasion {unknown}
Scrolls
 h - a scroll of identify {unknown}
 m - a scroll of random uselessness {unknown}
 n - a scroll of recharging {unknown}
 p - 3 scrolls of remove curse {unknown}
Potions
 i - 2 potions of restore abilities {unknown}
 j - a potion of curing {unknown}
 o - a potion of flight {unknown}
Comestibles
 g - 3 meat rations
 q - 3 chunks of flesh


   Skills:
 - Level 2.1 Fighting
 + Level 6.8 Short Blades
 - Level 2.6 Throwing
 - Level 1.2 Dodging
 - Level 5.3 Stealth


You had 4 spell levels left.
You didn't know any spells.

Dungeon Overview and Level Annotations

Branches:
Dungeon (3/15)

Altars:


Innate Abilities, Weirdness & Mutations

You are small and have problems with some larger weapons.
You are carnivorous and can eat meat at any time.


Message History

The curare-tipped needle hits the orc wizard.
The orc wizard is poisoned.
The orc wizard convulses.
The orc wizard seems to slow down.
The orc wizard is heavily wounded.
Something hits you. The goblin closely misses you.
Wield which item (- for none, * to show all)? (? for menu, Esc to quit)
a - a +2 dagger (weapon)
The goblin misses you. Something barely misses you. The goblin misses you.
You hear some strange, mumbled words.
Something tries to affect you, but you resist.
The orc throws a tomahawk.
The tomahawk misses you. The goblin hits you with a dagger.
* * * LOW HITPOINT WARNING * * *
The orc wizard casts a spell.
The orc wizard blinks!
The orc wizard gestures at you while chanting.
You resist with some effort.
The orc throws a tomahawk.
The magic dart hits you!
You die...

.(.###.####.#######
..................$.
#####.#....######b
##....(#.####
...%.o?.#.#######
...o....o.......#
........#..g....#
.......#..(..?.#
...#####....@..# ..
#.....((# #.......#
#.......# .....o.(.#
.........#
.........# ...######


You could see an orc wizard, an orc and a goblin.

Vanquished Creatures
  An adder (D:2)
  3 gnolls (D:2)
  A giant mite (D:2)
  2 giant geckos (D:1)
  2 oozes
  3 orcs (D:3)
  16 goblins
  8 hobgoblins
  4 jackals (D:1)
  6 kobolds
  2 quokkas
  A ball python (D:2)
  7 bats
  5 giant cockroaches
  2 giant newts
  12 rats
75 creatures vanquished.

Notes
Turn   | Place    | Note
--------------------------------------------------------------
     0 | D:1      | wojtek, the Kobold Assassin, began the quest for the Orb.
     0 | D:1      | Reached XP level 1. HP: 12/12 MP: 1/1
    75 | D:1      | Reached XP level 2. HP: 5/17 MP: 2/2
   529 | D:1      | Reached XP level 3. HP: 9/21 MP: 3/3
  1062 | D:1      | Reached skill level 5 in Short Blades
  1299 | D:2      | Reached XP level 4. HP: 14/26 MP: 4/4
  2114 | D:2      | Reached skill level 6 in Short Blades
  2251 | D:2      | Reached XP level 5. HP: 30/30 MP: 5/5
  2929 | D:3      | Killed from afar by an orc wizard

Action                   |  1- 3 |  4- 6 || total
-------------------------+-------+-------++-------
Melee: Dagger            |   139 |   133 ||   272
 Fire: Blowgun           |       |    12 ||    12
 Stab: Distracted        |     1 |     1 ||     2
       Sleeping          |     7 |     2 ||     9
  Eat: Chunk             |    10 |     5 ||    15
